[Event "Titled Tuesday Blitz July 6 2021"]
[White "Kotepalli, Sai Nirupama"]
[Black "Mons, Leon"]
[WhiteFideId "5039444"]
[BlackFideId "4614950"]
[WhiteElo "2439"]
[BlackElo "2492"]
[Result "0-1"]
[Round "06"]
[TimeControl "180+1"]
[Date "2021.07.06"]
[WhiteClock "0:00:06"]
[BlackClock "0:00:19"]

1. d4 Nf6 2. Bf4 d5 3. e3 e6 4. Nf3 Bd6 5. Bg3 O-O 6. Bd3 c5 7. c3 Qc7 8. Nbd2 Nbd7 9. O-O Bxg3 10. hxg3 e5 11. dxe5 Nxe5 12. Nxe5 Qxe5 13. Nf3 Qe7 14. Re1 b6 15. Rc1 Bb7 16. c4 Rfd8 17. Qc2 h6 18. cxd5 Bxd5 19. e4 Bb7 20. Nh4 Ng4 21. Nf5 Qg5 22. f3 Nf6 23. f4 Qh5 24. Be2 Ng4 25. Bxg4 Qxg4 26. Qe2 Qxe2 27. Rxe2 Rd3 28. Kf2 Rad8 29. Rcc2 h5 30. e5 Bd5 31. b3 Be6 32. Nd6 f6 33. Red2 Rxd2+ 34. Rxd2 fxe5 35. fxe5 Kh7 36. Ke3 Kg6 37. Rf2 Rh8 38. Rf4 Rd8 39. Ke4 a6 40. Rf2 Rh8 41. Rf4 b5 42. Ke3 Rb8 43. Kd3 Rd8 44. Kc3 Bd5 45. Rf2 Rd7 46. Rd2 Bc6 47. Nc8 Kf5 48. Re2 Kg4 49. e6 Rd8 50. Ne7 Bb7 51. Ng6 Kxg3 52. e7 Re8 53. Nf8 h4 54. Nd7 Bxg2 55. Nxc5 h3 56. Re3+ Kf4 57. Re1 h2 58. Ne6+ Kg4 59. Nxg7 Rxe7 60. Rxe7 h1=Q 61. Ra7 Qc1+ 62. Kb4 Qd2+ 63. Ka3 Qd6+ 64. Kb2 Qd4+ 0-1


[Site "https://www.chess.com"]

[Event "Titled Tuesday Blitz July 6 2021"]
[White "Kotsur, Pavel"]
[Black "Leenhouts, Koen"]
[WhiteFideId "13700278"]
[BlackFideId "1008439"]
[WhiteElo "2521"]
[BlackElo "2409"]
[Result "1-0"]
[Round "06"]
[TimeControl "180+1"]
[Date "2021.07.06"]
[WhiteClock "0:00:20"]
[BlackClock "0:00:08"]

1. e4 c5 2. Nf3 e6 3. d4 cxd4 4. Nxd4 Nc6 5. Nc3 Qc7 6. Be2 a6 7. O-O Nf6 8. Kh1 Be7 9. Be3 O-O 10. f4 d6 11. Qe1 Nxd4 12. Bxd4 b5 13. a3 Bb7 14. Qg3 Rad8 15. Rae1 Rd7 16. Bd3 Nh5 17. Qf2 g6 18. f5 e5 19. Be3 Nf6 20. Bh6 Ng4 21. Qd2 Nxh6 22. Qxh6 Qd8 23. Qh3 Kg7 24. Nd5 Bxd5 25. exd5 Bf6 26. Be4 Rc7 27. Re2 Rc4 28. c3 g5 29. Qh5 h6 30. Qf3 a5 31. Rc1 b4 32. axb4 axb4 33. Rec2 b3 34. Re2 Qa5 35. Qd3 Rfc8 36. g3 Rd4 37. Qf3 Ra4 38. Kg2 Ra1 39. Rxa1 Qxa1 40. Qd3 Qc1 41. Qb5 Qd1 42. Bf3 Rc5 43. Qb6 Rxd5 44. Rf2 1-0


[Site "https://www.chess.com"]

[Event "Titled Tuesday Blitz July 6 2021"]
[White "Leitao, Rafael"]
[Black "Yi, Richard"]
[WhiteFideId "2101246"]
[BlackFideId "2079518"]
[WhiteElo "2609"]
[BlackElo "2521"]
[Result "1-0"]
[Round "06"]
[TimeControl "180+1"]
[Date "2021.07.06"]
[WhiteClock "0:00:08"]
[BlackClock "0:00:01"]

1. c4 e6 2. g3 Nf6 3. Bg2 c5 4. Nf3 Be7 5. O-O O-O 6. d4 cxd4 7. Nxd4 Nc6 8. Nc3 a6 9. e4 Qc7 10. Be3 b6 11. Rc1 Nxd4 12. Qxd4 Bc5 13. Qd3 Bb7 14. Rfd1 Rfd8 15. Bg5 Be7 16. Nd5 exd5 17. cxd5 Qe5 18. Bf4 Qxb2 19. Rb1 Qxa2 20. Rxb6 Bc5 21. Rd2 Qxd2 22. Qxd2 Bxb6 23. Qb2 Bxd5 24. exd5 Bc5 25. Be5 d6 26. Bxf6 gxf6 27. Qxf6 Re8 28. Qg5+ Kf8 29. Qh6+ Kg8 30. Bh3 Re1+ 31. Kg2 Re5 32. f4 Re2+ 33. Kf3 Rf2+ 34. Kg4 a5 35. Qg5+ Kf8 36. Qf6 Ra7 37. Kf5 Rxh2 38. Bg4 h5 39. Bf3 a4 40. Qh8+ Ke7 41. Qb8 a3 42. Be4 a2 43. Kg5 Re2 44. f5 a1=Q 45. Qc7+ Kf8 46. Qd8+ Kg7 47. f6+ 1-0


[Site "https://www.chess.com"]

[Event "Titled Tuesday Blitz July 6 2021"]
[White "Leiva, Gianmarco"]
[Black "Nabaty, Tamir"]
[WhiteFideId "3804399"]
[BlackFideId "2809052"]
[WhiteElo "2365"]
[BlackElo "2627"]
[Result "1-0"]
[Round "06"]
[TimeControl "180+1"]
[Date "2021.07.06"]
[WhiteClock "0:00:04"]
[BlackClock "0:00:04"]

1. e4 c5 2. Nf3 e6 3. g3 Nc6 4. Bg2 Nf6 5. d3 Be7 6. O-O d6 7. c3 O-O 8. Re1 b5 9. a4 b4 10. Bg5 Rb8 11. Nbd2 Ba6 12. Qc2 h6 13. Bf4 e5 14. Be3 Ng4 15. Nc4 bxc3 16. bxc3 Bxc4 17. dxc4 Na5 18. Bf1 Qb6 19. Reb1 Nxe3 20. fxe3 Qc7 21. Bd3 g6 22. Kg2 Kg7 23. Rb5 a6 24. Rxb8 Rxb8 25. Rb1 Nc6 26. Rxb8 Qxb8 27. Qb1 Qxb1 28. Bxb1 Bd8 29. Ng1 Ba5 30. Ne2 Ne7 31. g4 Nc8 32. Bc2 Bd8 33. Kf3 Bh4 34. Ng3 Kf6 35. Kg2 Ke7 36. Kh3 Bxg3 37. Kxg3 Kd8 38. a5 Ne7 39. Ba4 Ng8 40. Bc6 Ne7 41. Bb7 f6 42. Kf3 Kc7 43. Bd5 Kd8 44. Bb7 g5 45. Bd5 Kc7 46. Ke2 Kd7 47. Kf3 Kd8 48. Ke2 Kc7 49. Kf3 Ng6 50. Kg3 Nf8 51. Kf2 Nd7 52. Kf3 Nf8 53. Kg3 Ng6 54. Kf3 Ne7 55. Ke2 Kd7 56. Kf3 Ke8 57. Bb7 Kf8 58. Kg3 Kg7 59. Kf3 Kg6 60. Kg3 h5 61. gxh5+ Kxh5 62. h3 Kg6 63. Kg4 Kh6 64. h4 gxh4 65. Kxh4 Kg6 66. Kg4 1-0


[Site "https://www.chess.com"]

[Event "Titled Tuesday Blitz July 6 2021"]
[White "Levitskiy, Andrey"]
[Black "Shahade, Gregory"]
[WhiteFideId "14132885"]
[BlackFideId "2009064"]
[WhiteElo "2323"]
[BlackElo "2739"]
[Result "1/2-1/2"]
[Round "06"]
[TimeControl "180+1"]
[Date "2021.07.06"]
[WhiteClock "0:00:14"]
[BlackClock "0:00:14"]

1. e4 e5 2. Nf3 Nc6 3. Bc4 Nf6 4. Ng5 d5 5. exd5 Na5 6. Bb5+ c6 7. dxc6 bxc6 8. Bd3 Nd5 9. Nf3 Bd6 10. O-O O-O 11. Re1 f5 12. Nxe5 Qf6 13. Nf3 g5 14. g3 f4 15. Nc3 fxg3 16. hxg3 Qxf3 17. Qxf3 Rxf3 18. Be4 Rf7 19. Nxd5 cxd5 20. Bxd5 Bb7 21. Bxf7+ Kxf7 22. d4 g4 23. b3 Nc6 24. c3 Ne7 25. Bf4 Bxf4 26. gxf4 Nd5 27. Re5 Nxc3 28. Rf5+ Ke6 29. Rh5 Ne2+ 30. Kh2 Nxd4 31. Rxh7 Bf3 32. Re1+ Kf6 33. Ree7 Nf5 34. Rxa7 Rd8 35. Ra6+ Nd6 36. Kg3 Kf5 37. Rh5+ Kg6 38. Re5 Kf7 39. Ra7+ Kf6 40. Ra6 Kf7 41. f5 Ne4+ 42. Kf4 Nxf2 43. Ra7+ Kf8 44. Ree7 Nh3+ 45. Ke5 Ng5 46. Kf6 Ne4+ 47. Ke5 Ng5 48. Kf4 Ne4 49. Rxe4 Bxe4 50. Kxe4 Rd2 51. Rc7 Rf2 52. Rc1 Rxa2 53. Rg1 Rb2 54. Rg3 Kf7 55. Kf4 Kf6 56. Kxg4 Rf2 57. Rf3 Rxf3 58. Kxf3 Kxf5 59. Ke3 Ke5 60. Kd3 Kd5 61. Kc3 Kc5 62. b4+ Kb5 63. Kb3 Kb6 64. Kc4 Kc6 65. b5+ Kb6 66. Kb4 Kb7 67. Ka5 Ka7 68. Kb4 Kb6 69. Kc4 Kb7 70. Kc5 Kc7 71. b6+ Kb7 72. Kb5 Kb8 73. Ka6 Ka8 74. b7+ Kb8 75. Kb6 1/2-1/2


[Site "https://www.chess.com"]

[Event "Titled Tuesday Blitz July 6 2021"]
[White "Ljukin, Sergei"]
[Black "Abrashkin, Boris"]
[WhiteFideId "14102200"]
[BlackFideId "4120582"]
[WhiteElo "2309"]
[BlackElo "2594"]
[Result "1-0"]
[Round "06"]
[TimeControl "180+1"]
[Date "2021.07.06"]
[WhiteClock "0:00:08"]
[BlackClock "0:00:09"]

1. e4 c5 2. Nf3 Nf6 3. Nc3 d5 4. exd5 Nxd5 5. d4 Nc6 6. dxc5 Nxc3 7. Qxd8+ Kxd8 8. bxc3 Bg4 9. Nd4 Rc8 10. Rb1 e5 11. Nxc6+ Rxc6 12. Rxb7 Rc7 13. c6 Bc5 14. Bb5 Rxb7 15. cxb7 Kc7 16. Bc4 Rd8 17. f3 Bh5 18. Ke2 Kxb7 19. Rd1 Rxd1 20. Kxd1 Kc6 21. Ke2 f6 22. Be3 h6 23. Bd3 Bf7 24. Bxc5 Kxc5 25. a3 g5 26. g3 Bd5 27. Ke3 Bc6 28. f4 exf4+ 29. gxf4 Bd5 30. Be4 Be6 31. Bd3 Bd5 32. Be4 a5 33. Bd3 Bc6 34. Be2 Bg2 35. Bd3 Bh3 36. Ke4 Be6 37. Ke3 Bd5 38. Be2 Bc6 39. Bd3 Bd5 40. Be2 Bc6 41. c4 Bb7 42. Bd3 Bc6 43. Be2 Be8 44. Bd3 Bf7 45. Ke4 Bg6+ 46. Ke3 Bf7 47. Ke4 Bxc4 48. Kf5 Bxd3+ 49. cxd3 Kd4 50. fxg5 fxg5 51. Kg6 Kxd3 52. Kxh6 Kc3 53. Kxg5 Kb3 54. h4 Kxa3 55. h5 a4 56. h6 Kb4 57. h7 a3 58. h8=Q a2 59. Qa1 1-0


[Site "https://www.chess.com"]

[Event "Titled Tuesday Blitz July 6 2021"]
[White "Lodici, Lorenzo"]
[Black "Keymer, Vincent"]
[WhiteFideId "884189"]
[BlackFideId "12940690"]
[WhiteElo "2265"]
[BlackElo "2474"]
[Result "0-1"]
[Round "06"]
[TimeControl "180+1"]
[Date "2021.07.06"]
[WhiteClock "0:00:07"]
[BlackClock "0:00:03"]

1. e4 c6 2. d4 d5 3. exd5 cxd5 4. Bd3 Nf6 5. c3 Bg4 6. Ne2 Bxe2 7. Qxe2 e6 8. Bf4 Bd6 9. Bxd6 Qxd6 10. Nd2 O-O 11. g3 Nc6 12. f4 Rab8 13. Nf3 a6 14. Ne5 b5 15. g4 Nd7 16. O-O b4 17. Bxa6 bxc3 18. bxc3 Ndxe5 19. fxe5 Qa3 20. Bb5 Qxc3 21. Bxc6 Qxc6 22. Rac1 Qb6 23. Rcd1 Qa7 24. Rd3 Rb4 25. Qf2 h6 26. a3 Ra4 27. Qe3 Rc8 28. Kg2 Rcc4 29. Rf4 Qb6 30. Kg3 Qb1 31. Rf3 Qa1 32. Qf4 Ra7 33. Rf1 Qb2 34. Rf2 Rc2 35. Rxc2 Qxc2 36. Rf3 Qb1 37. Qe3 Qa1 38. g5 hxg5 39. Kg4 Ra4 40. Kxg5 Rxd4 41. Qf2 Re4 42. Qg3 Rxe5+ 43. Kh4 Re4+ 44. Kh3 Qe5 45. Qxe5 Rxe5 46. a4 d4 47. Ra3 Ra5 48. Kg4 f6 49. Kf4 Kf7 50. Ke4 e5 51. Kd3 Ke6 52. Kc4 Kd6 53. Kb4 Ra8 54. a5 Kc6 55. Kc4 Kb7 56. Kb5 Rd8 57. a6+ Ka8 58. Rg3 d3 59. Rxg7 d2 60. Kb6 Rb8+ 61. Ka5 d1=Q 0-1


[Site "https://www.chess.com"]

[Event "Titled Tuesday Blitz July 6 2021"]
[White "Lopez Gracia, Fernando"]
[Black "Pridorozhni, Aleksei"]
[WhiteFideId "2207184"]
[BlackFideId "4127870"]
[WhiteElo "2390"]
[BlackElo "2565"]
[Result "0-1"]
[Round "06"]
[TimeControl "180+1"]
[Date "2021.07.06"]
[WhiteClock "0:00:32"]
[BlackClock "0:00:41"]

1. e4 c5 2. c3 e6 3. d4 d5 4. exd5 exd5 5. Nf3 Nc6 6. Bb5 Bd6 7. O-O Ne7 8. dxc5 Bxc5 9. Nbd2 O-O 10. Nb3 Bb6 11. Nbd4 Nxd4 12. Nxd4 Nf5 13. Nxf5 Bxf5 14. Bd3 Be4 15. Bxe4 dxe4 16. Qe2 Re8 17. Be3 Qf6 18. Rfd1 Rad8 19. a4 h6 20. h3 Qc6 21. Bxb6 Qxb6 22. Rxd8 Rxd8 23. b4 Qc6 24. c4 Rd4 25. Rc1 Qxa4 26. Qg4 Qxb4 27. Qc8+ Qf8 28. Qxb7 Qc5 29. Qa6 Rd2 30. Rf1 Rc2 31. Qa4 Rxc4 32. Qe8+ Qf8 33. Qe5 Qc8 34. g4 g6 35. Kg2 Qa8 36. Kg1 a5 37. Ra1 a4 38. Qb5 Rd4 39. g5 hxg5 40. Qxg5 Rd3 41. h4 e3 42. fxe3 Qe4 43. Re1 a3 44. h5 Rd5 45. Qf6 Rxh5 46. Qd8+ Kh7 0-1


[Site "https://www.chess.com"]

[Event "Titled Tuesday Blitz July 6 2021"]
[White "Lortkipanidze, Nodar"]
[Black "Praveen, Kumar C"]
[WhiteFideId "13604058"]
[BlackFideId "5007372"]
[WhiteElo "2312"]
[BlackElo "2236"]
[Result "1-0"]
[Round "06"]
[TimeControl "180+1"]
[Date "2021.07.06"]
[WhiteClock "0:00:32"]
[BlackClock "0:00:34"]

1. e4 d6 2. d4 Nf6 3. Nc3 e5 4. Nge2 Nbd7 5. f3 Be7 6. Be3 O-O 7. Qd2 c6 8. O-O-O a6 9. g4 b5 10. Ng3 Re8 11. h4 b4 12. Nce2 c5 13. dxc5 Nxc5 14. g5 Nfd7 15. Nf5 Qa5 16. Kb1 Bf8 17. Nc1 Bb7 18. Bc4 Nb6 19. Bb3 Rad8 20. Bxc5 Qxc5 21. Nd3 Qb5 22. h5 d5 23. g6 hxg6 24. hxg6 fxg6 25. Qh2 gxf5 26. Qh7+ Kf7 27. Qxf5+ Kg8 28. Nxe5 Rxe5 29. Qxe5 Re8 30. Qf5 Nc4 31. Qh7+ Kf7 32. Rh5 Nd2+ 33. Kc1 Nxb3+ 34. axb3 Re6 35. Rf5+ Ke8 36. exd5 Rh6 37. Qg8 Qc5 38. Rxf8+ 1-0


[Site "https://www.chess.com"]

[Event "Titled Tuesday Blitz July 6 2021"]
[White "Manukyan, Artyom"]
[Black "Gunina, Valentina"]
[WhiteFideId "13305786"]
[BlackFideId "4167570"]
[WhiteElo "2034"]
[BlackElo "2399"]
[Result "0-1"]
[Round "06"]
[TimeControl "180+1"]
[Date "2021.07.06"]
[WhiteClock "0:00:04"]
[BlackClock "0:00:04"]

1. e4 c6 2. d4 d5 3. exd5 cxd5 4. Bd3 Nc6 5. c3 g6 6. Nf3 Bg7 7. Bf4 Nh6 8. O-O Nf5 9. Ne5 O-O 10. h3 Nd6 11. Re1 Be6 12. Qb3 Nxe5 13. Bxe5 Nc4 14. Bxg7 Kxg7 15. Qc2 Rb8 16. Nd2 b5 17. a3 Qc8 18. Re2 a5 19. Nb3 Re8 20. Nc5 Bf5 21. g4 Bxd3 22. Qxd3 e5 23. f3 Qc6 24. b4 Ra8 25. Rae1 exd4 26. Qxd4+ Kg8 27. bxa5 Rxe2 28. Rxe2 Nxa5 29. Re7 Qd6 30. Qe3 Nc4 31. Re8+ Rxe8 32. Qxe8+ Kg7 33. Nd7 Qg3+ 34. Kf1 Qxf3+ 35. Kg1 Qg3+ 36. Kh1 Qxh3+ 37. Kg1 Qxg4+ 38. Kh1 Qf3+ 39. Kg1 Qe3+ 40. Qxe3 Nxe3 41. Nb6 Kf6 42. Nc8 Ke5 43. Na7 Nc4 44. Nxb5 h5 45. a4 Ke4 46. Nc7 Na5 47. Kg2 g5 48. Kh2 h4 49. Kg2 g4 50. Ne8 f5 51. Nf6+ Ke5 52. Nh5 Nc4 53. Kf2 Ke4 54. Nf6+ Ke5 55. Nh5 f4 56. Ng7 h3 57. Nh5 Kf5 58. Ng7+ Ke4 59. Nh5 h2 60. Kg2 g3 61. Nf6+ Kf5 62. Nh5 Kg4 63. Nf6+ Kf5 64. Nxd5 f3+ 65. Kh1 Ke4 66. Nf6+ Ke3 67. Nh5 Kf2 68. Nxg3 Kxg3 0-1


[Site "https://www.chess.com"]

[Event "Titled Tuesday Blitz July 6 2021"]
[White "Markidis, Konstantinos"]
[Black "Matinian, Nikita"]
[WhiteFideId "4203500"]
[BlackFideId "24129100"]
[WhiteElo "2304"]
[BlackElo "2410"]
[Result "0-1"]
[Round "06"]
[TimeControl "180+1"]
[Date "2021.07.06"]
[WhiteClock "0:00:01"]
[BlackClock "0:00:07"]

1. e4 c5 2. Nf3 d6 3. Bb5+ Nd7 4. c3 Nf6 5. Bd3 g6 6. Bc2 Bg7 7. d4 O-O 8. a4 Qc7 9. O-O e5 10. d5 c4 11. Na3 Nc5 12. Re1 b6 13. Qe2 Nb3 14. Bxb3 cxb3 15. Nb5 Qe7 16. Qc4 Bg4 17. Nd2 Nd7 18. f3 Bh5 19. g4 Qh4 20. Qe2 f5 21. gxh5 Nf6 22. Nf1 Nxh5 23. Qf2 Qe7 24. Qg2 fxe4 25. fxe4 Rf4 26. Bxf4 Nxf4 27. Qg4 Rf8 28. Ng3 h5 29. Qd1 h4 30. Qg4 hxg3 31. hxg3 Nd3 32. Rf1 Nxb2 33. Rxf8+ Bxf8 34. Rb1 Nxa4 35. Rxb3 Nc5 0-1


[Site "https://www.chess.com"]

[Event "Titled Tuesday Blitz July 6 2021"]
[White "Martinez Reyes, Pedro Ramon"]
[Black "Potapova, Margarita"]
[WhiteFideId "3901807"]
[BlackFideId "14126869"]
[WhiteElo "2398"]
[BlackElo "2229"]
[Result "1-0"]
[Round "06"]
[TimeControl "180+1"]
[Date "2021.07.06"]
[WhiteClock "0:00:47"]
[BlackClock "0:00:01"]

1. e4 c5 2. Nf3 d6 3. g3 Nc6 4. Bg2 g6 5. O-O Bg7 6. c3 e5 7. a3 a5 8. a4 Nge7 9. d3 O-O 10. Na3 Be6 11. Ng5 Bd7 12. Nb5 h6 13. Nf3 Be6 14. Nd2 Na7 15. Na3 Nac6 16. Ndc4 d5 17. exd5 Nxd5 18. Re1 Re8 19. Nb5 Kh7 20. Qe2 f5 21. Qf1 Bg8 22. h3 Na7 23. Kh2 Nxb5 24. axb5 b6 25. Qh1 Rb8 26. Bd2 Qd7 27. Rad1 Ne7 28. Bc1 Nd5 29. Re2 Re7 30. Rde1 Rbe8 31. Ne3 Nxe3 32. Bc6 Qd6 33. Bxe3 Rd8 34. f4 Qxd3 35. Bc1 Qc4 36. fxe5 Bd5 37. Qg1 Bxc6 38. bxc6 Rd1 39. Qg2 Rxe1 40. Rxe1 Rc7 41. e6 Bf6 42. Bf4 Be7 43. Bxc7 1-0


[Site "https://www.chess.com"]

[Event "Titled Tuesday Blitz July 6 2021"]
[White "Mirzoev, Azer"]
[Black "Isajevsky, Anton"]
[WhiteFideId "13400304"]
[BlackFideId "4142500"]
[WhiteElo "2525"]
[BlackElo "2510"]
[Result "1-0"]
[Round "06"]
[TimeControl "180+1"]
[Date "2021.07.06"]
[WhiteClock "0:00:28"]
[BlackClock "0:00:01"]

1. d4 d5 2. Nf3 Nf6 3. Bf4 e6 4. e3 Bd6 5. Bg3 b6 6. c4 Bb7 7. Nc3 a6 8. a3 O-O 9. Rc1 Ne4 10. cxd5 exd5 11. Nxe4 dxe4 12. Ne5 Nd7 13. Nc6 Qg5 14. Qc2 Nf6 15. Be2 h5 16. h4 Qd5 17. Bxd6 Qxd6 18. g3 Rfe8 19. O-O Re6 20. Ne5 c5 21. Nc4 Qe7 22. dxc5 Qxc5 23. b4 Qf5 24. Rfd1 Bd5 25. Qd2 g5 26. hxg5 Qxg5 27. Kg2 Kg7 28. Rh1 Rc8 29. Qd4 Bxc4 30. Rxc4 Rxc4 31. Bxc4 Re5 32. Rh4 b5 33. Be2 Rf5 34. Rf4 Rxf4 35. exf4 Qd5 36. Qxd5 Nxd5 37. Bxh5 f5 38. Bd1 Nc3 39. Bc2 Kf6 40. Kf1 Ke6 41. Bb3+ 1-0


[Site "https://www.chess.com"]

[Event "Titled Tuesday Blitz July 6 2021"]
[White "Mitrabha, Guha"]
[Black "Gontcharov, Vladislav"]
[WhiteFideId "5057000"]
[BlackFideId "4123492"]
[WhiteElo "2334"]
[BlackElo "2503"]
[Result "1-0"]
[Round "06"]
[TimeControl "180+1"]
[Date "2021.07.06"]
[WhiteClock "0:00:06"]
[BlackClock "0:00:11"]

1. d4 Nf6 2. Nf3 g6 3. Nbd2 d5 4. b4 Bg7 5. e3 O-O 6. c4 dxc4 7. Nxc4 b6 8. Be2 Bb7 9. O-O Nc6 10. b5 Nb4 11. Bb2 a6 12. Qb3 Nbd5 13. a4 a5 14. Nce5 Ne4 15. Rac1 Bxe5 16. dxe5 e6 17. Rfd1 Qe7 18. Ba3 Nb4 19. Rd4 Nc5 20. Qc2 Rfd8 21. Bxb4 axb4 22. Rf4 b3 23. Qc3 Bd5 24. Ra1 Ne4 25. Qb2 g5 26. Rxe4 Bxe4 27. Qxb3 h6 28. Rc1 Rd5 29. Rc4 Bg6 30. e4 Rc5 31. Rd4 Rd8 32. h3 Rxd4 33. Nxd4 Rc1+ 34. Kh2 Qc5 35. Qd3 Qxe5+ 36. g3 Qd6 37. Qe3 Qe5 38. Nc6 Qxe4 39. Qxc1 Qf5 40. Qe3 Qc2 41. h4 Kg7 42. hxg5 hxg5 43. Qe5+ f6 44. Qe3 e5 45. Kg2 Qxa4 46. Qc3 Qe4+ 47. Bf3 Qf5 48. Ne7 Qd7 49. Nxg6 Kxg6 50. Be4+ Kg7 51. Bc6 Qe7 52. Qd3 Qe6 53. Qd8 Qe7 54. Qxe7+ Kg6 55. Qxc7 1-0


[Site "https://www.chess.com"]

[Event "Titled Tuesday Blitz July 6 2021"]
[White "Molina, Roberto Junio Brito"]
[Black "Yakubboev, Nodirbek"]
[WhiteFideId "2109450"]
[BlackFideId "14203987"]
[WhiteElo "2402"]
[BlackElo "2519"]
[Result "0-1"]
[Round "06"]
[TimeControl "180+1"]
[Date "2021.07.06"]
[WhiteClock "0:00:05"]
[BlackClock "0:00:15"]

1. d4 Nf6 2. c4 g6 3. Nc3 Bg7 4. e4 d6 5. Nf3 O-O 6. Be2 e5 7. O-O Na6 8. Re1 c6 9. Bf1 Bg4 10. d5 c5 11. Be2 h6 12. Nd2 Bd7 13. Nf1 Nh7 14. a3 f5 15. exf5 gxf5 16. f4 e4 17. Be3 Nf6 18. h3 Qe8 19. Kh2 h5 20. g3 b6 21. Qd2 Qg6 22. Bf2 Bh6 23. Ne3 h4 24. Rg1 hxg3+ 25. Bxg3 Kf7 26. Raf1 Rg8 27. Qe1 Qh7 28. Bh4 Rxg1 29. Kxg1 Rg8+ 30. Kh2 Qg6 31. Qf2 Nc7 32. Ncd1 Nh5 33. Bxh5 Qxh5 34. Rg1 Rxg1 35. Kxg1 Ne8 36. Kh2 Nf6 37. Bxf6 Kxf6 38. Nc3 a6 39. Ng2 Kf7 40. b4 Bg7 41. Ne2 Qf3 42. Qe3 Qxe3 43. Nxe3 cxb4 44. axb4 a5 45. bxa5 bxa5 46. Nc2 a4 47. Ned4 a3 48. Ne6 a2 49. Nxg7 Kxg7 50. Kg3 Ba4 51. Na1 Kg6 52. Kf2 Kh5 53. Kg3 Bd1 54. Kf2 Kh4 55. Ke3 Kxh3 56. c5 dxc5 57. d6 Ba4 58. Kf2 Kg4 59. Ke3 Kg3 60. Nc2 Bxc2 61. d7 a1=Q 62. d8=Q Qe1# 0-1


[Site "https://www.chess.com"]

[Event "Titled Tuesday Blitz July 6 2021"]
[White "Moroni, Luca Jr"]
[Black "Pham, Le Thao Nguyen"]
[WhiteFideId "865834"]
[BlackFideId "12401226"]
[WhiteElo "2491"]
[BlackElo "2286"]
[Result "1-0"]
[Round "06"]
[TimeControl "180+1"]
[Date "2021.07.06"]
[WhiteClock "0:00:16"]
[BlackClock "0:00:13"]

1. d4 d5 2. c4 c6 3. Nc3 Nf6 4. Nf3 dxc4 5. a4 Bf5 6. Ne5 Na6 7. f3 Nd7 8. Nxc4 e5 9. e4 exd4 10. exf5 dxc3 11. bxc3 Nac5 12. Nd6+ Bxd6 13. Qxd6 Qe7+ 14. Qxe7+ Kxe7 15. Be3 Rhe8 16. Kf2 b6 17. Be2 Ne5 18. Rhd1 Red8 19. g4 Rxd1 20. Bxd1 Rd8 21. a5 Ned3+ 22. Kg3 b5 23. a6 Kd6 24. Bc2 Kc7 25. Rd1 Rd7 26. h4 f6 27. g5 Rd5 28. g6 h6 29. Bxd3 Rxd3 30. Rxd3 Nxd3 31. Bxh6 1-0


[Site "https://www.chess.com"]

[Event "Titled Tuesday Blitz July 6 2021"]
[White "Mortazavi, Ali"]
[Black "Zong, Davis"]
[WhiteFideId "401323"]
[BlackFideId "30903955"]
[WhiteElo "2339"]
[BlackElo "2443"]
[Result "1-0"]
[Round "06"]
[TimeControl "180+1"]
[Date "2021.07.06"]
[WhiteClock "0:00:11"]
[BlackClock "0:00:01"]

1. Nf3 d5 2. g3 c6 3. Bg2 Bg4 4. O-O Nd7 5. d3 e5 6. c4 Ngf6 7. cxd5 cxd5 8. Nc3 Bd6 9. e4 d4 10. Nb5 Bb8 11. a4 O-O 12. Bd2 Re8 13. b4 Nf8 14. Rc1 Ne6 15. h3 Bh5 16. Qc2 Nd7 17. a5 Qf6 18. Nh2 Qe7 19. Qb3 a6 20. Na3 b5 21. Rc6 Nd8 22. Rc8 Nb7 23. Rxe8+ Qxe8 24. Qd5 Ra7 25. Rc1 Nf6 26. Qb3 Nd6 27. f4 exf4 28. gxf4 Nd7 29. Qd5 Bg6 30. Ng4 Kh8 31. Kh1 f6 32. Qxd4 Bf7 33. e5 fxe5 34. fxe5 Nf5 35. Qe4 Be6 36. d4 g6 37. d5 Bg8 38. e6 Nf8 39. Bc3+ 1-0


[Site "https://www.chess.com"]

[Event "Titled Tuesday Blitz July 6 2021"]
[White "Nakamura, Hikaru"]
[Black "Grischuk, Alexander"]
[WhiteFideId "2016192"]
[BlackFideId "4126025"]
[WhiteElo "2900"]
[BlackElo "2765"]
[Result "0-1"]
[Round "06"]
[TimeControl "180+1"]
[Date "2021.07.06"]
[WhiteClock "0:00:30"]
[BlackClock "0:00:11"]

1. e4 c6 2. Nc3 d5 3. Nf3 dxe4 4. Nxe4 Nf6 5. Qe2 Nxe4 6. Qxe4 Nd7 7. Bc4 Nf6 8. Ne5 e6 9. Qe2 b5 10. Bd3 Bb7 11. b3 Bc5 12. Bb2 Bd4 13. Bxd4 Qxd4 14. c3 Qd6 15. Bc2 O-O 16. O-O c5 17. Rfe1 Rab8 18. Rad1 a6 19. d4 Rfd8 20. Qe3 cxd4 21. Rxd4 Qc7 22. Rh4 Rbc8 23. c4 bxc4 24. Nxc4 Qc5 25. Bd3 Qxe3 26. Rxe3 g5 27. Rhh3 Kg7 28. Re1 Rd4 29. Bf1 h5 30. Rhe3 h4 31. Re5 g4 32. Rg5+ Kh6 33. Ra5 Kg7 34. Ne3 Rc3 35. Bxa6 Bxa6 36. Rxa6 g3 37. hxg3 hxg3 38. fxg3 Re4 39. Kf2 Rexe3 40. Rxe3 Ng4+ 41. Ke2 Rxe3+ 42. Kd2 Rxg3 43. b4 Rxg2+ 44. Kc3 Ne3 45. a4 Nd5+ 46. Kc4 Rg4+ 47. Kc5 Rxb4 0-1


[Site "https://www.chess.com"]

[Event "Titled Tuesday Blitz July 6 2021"]
[White "Oliveira, Silvio Eduardo"]
[Black "Gracia Alvarez, Gerardo Antonio"]
[WhiteFideId "2111560"]
[BlackFideId "5109124"]
[WhiteElo "2302"]
[BlackElo "2148"]
[Result "1-0"]
[Round "06"]
[TimeControl "180+1"]
[Date "2021.07.06"]
[WhiteClock "0:00:41"]
[BlackClock "0:00:01"]

1. e4 c5 2. Nf3 Nc6 3. d4 cxd4 4. Nxd4 g6 5. c4 Nf6 6. Nc3 d6 7. f3 Nxd4 8. Qxd4 Bg7 9. Be3 O-O 10. Qd2 Be6 11. Rc1 Qa5 12. b3 Rfc8 13. Be2 Rab8 14. Nb5 Qxd2+ 15. Kxd2 a6 16. Nd4 Nd7 17. Nxe6 fxe6 18. h4 Bb2 19. Rc2 Ba3 20. h5 Bc5 21. hxg6 Bxe3+ 22. Kxe3 hxg6 23. f4 b5 24. Rhc1 b4 25. Rh1 Kg7 26. Bg4 Nc5 27. e5 dxe5 28. fxe5 Rd8 29. Rd1 Rxd1 30. Bxd1 Rd8 31. Be2 g5 32. g4 a5 33. Rc1 Kf7 34. Rf1+ Kg7 35. Rd1 Rh8 36. Kd4 Rc8 37. Rh1 a4 38. Rh5 axb3 39. Rxg5+ Kh6 40. Rh5+ Kg6 41. axb3 Nxb3+ 42. Kd3 Nc1+ 43. Kd2 Nxe2 44. Kxe2 Rxc4 45. Rh4 b3 46. Kd3 b2 47. Kxc4 b1=Q 48. Rh2 Qe4+ 49. Kb3 Qd5+ 50. Ka3 Qxe5 51. Rc2 Qe3+ 52. Ka4 Kg5 53. Rc8 Qe4+ 54. Ka3 Kxg4 55. Rg8+ 1-0


[Site "https://www.chess.com"]

[Event "Titled Tuesday Blitz July 6 2021"]
[White "Onyshchuk, Volodymyr"]
[Black "Kavyev, Ruslan"]
[WhiteFideId "14114038"]
[BlackFideId "34110981"]
[WhiteElo "2603"]
[BlackElo "2172"]
[Result "1-0"]
[Round "06"]
[TimeControl "180+1"]
[Date "2021.07.06"]
[WhiteClock "0:01:25"]
[BlackClock "0:00:07"]

1. Nf3 Nf6 2. g3 g6 3. Bg2 Bg7 4. O-O O-O 5. d3 d5 6. Nbd2 c5 7. e4 Nc6 8. Re1 Qc7 9. Nb3 b6 10. Bg5 Rd8 11. Qe2 h6 12. Bd2 e5 13. exd5 Nxd5 14. a3 Be6 15. c4 Nde7 16. Bc3 Nd4 17. Nbxd4 cxd4 18. Bd2 Nc6 19. b4 f6 20. b5 Na5 21. Bxa5 bxa5 22. Nd2 Rac8 23. Rec1 a4 24. c5 f5 25. Rab1 Kh7 26. h4 Bd5 27. h5 g5 28. g4 Bxg2 29. Kxg2 e4 30. gxf5 e3 31. Ne4 exf2 32. f6 Bh8 33. Qg4 Qe5 34. Rb2 Bxf6 35. Rxf2 Bg7 36. Rf7 Kg8 37. Rcf1 Rf8 38. Rxf8+ Rxf8 39. Rxf8+ Bxf8 40. b6 axb6 41. cxb6 Bxa3 42. Qc8+ Kg7 43. Qc7+ Qxc7 44. bxc7 1-0


[Site "https://www.chess.com"]

[Event "Titled Tuesday Blitz July 6 2021"]
[White "Ozates, Tuna"]
[Black "Bashirli, Saadat"]
[WhiteFideId "6354521"]
[BlackFideId "13429990"]
[WhiteElo "1872"]
[BlackElo "1153"]
[Result "1-0"]
[Round "06"]
[TimeControl "180+1"]
[Date "2021.07.06"]
[WhiteClock "0:02:15"]
[BlackClock "0:01:49"]

1. e4 c5 2. Nc3 g6 3. f4 Bg7 4. Nf3 e6 5. d4 cxd4 6. Nxd4 Ne7 7. Be3 O-O 8. Qf3 Nbc6 9. O-O-O a6 10. e5 Nxd4 11. Bxd4 Nf5 12. Bc5 Re8 13. g4 Nh4 14. Qg3 b6 15. Bf2 Bb7 16. Rg1 Nf3 17. Bg2 Nxg1 18. Bxb7 Rb8 19. Bg2 g5 20. Bxg1 gxf4 21. Qxf4 Qh4 22. Kb1 b5 23. Ne4 Qe7 24. Nf6+ Bxf6 25. exf6 Qf8 26. Bc5 e5 27. Qg5+ Kh8 28. Bxf8 1-0


[Site "https://www.chess.com"]